[Event "Team 45 45 League T60"]
[Site "Internet Chess Club"]
[Date "2014.03.02"]
[Round "1"]
[White "GoIrish"]
[Black "rahulr"]
[Result "0-1"]
[WhiteElo "1571"]
[BlackElo "1614"]
[Opening "Réti opening"]
[ECO "A05"]
[Time "11:00:33"]
[TimeControl "2700+45"]

1. Nf3 Nf6 2. g3 b6 3. Bg2 Bb7 4. O-O e6 5. d3 Be7 6. e4 d6 7. Nbd2 O-O 8. Re1
Nbd7 9. c3 Nc5 10. Qc2 Ba6 11. c4 Qd7 12. b4 Na4 13. b5 Bxb5 14. cxb5 Qxb5 15.
Nd4 Qd7 16. Nc6 Nc5 17. Nxe7+ Qxe7 18. e5 Nd5 19. d4 Nb7 20. Ba3 c5 21. exd6
Qxd6 22. Nc4 Qd8 23. dxc5 Nxc5 24. Ne5 Rc8 25. Bxd5 exd5 26. Rad1 Re8 27. Qf5 f6
28. Nd3 Ne4 29. f3 Nc3 30. Rxe8+ Qxe8 31. Re1 Qc6 32. Qe6+ Qxe6 33. Rxe6 Nxa2
34. Rd6 Rc3 35. Rxd5 Rxa3 36. Kg2 Kf7 37. Nf4 g5 38. Nh5 Nb4 39. Rd7+ Ke6 40.
Rxh7 a5 41. Rh6 Nd5 42. Ng7+ Ke5 43. Rh8 b5 44. Re8+ Kd6 45. Nf5+ Kd7 46. Re1 b4
47. Rd1 Ke6 48. Ng7+ Kf7 49. Nf5 Ne3+ 50. Nxe3 Rxe3 51. Kf2 Ra3 52. Rd5 b3 53.
Rb5 a4 54. Ke2 Ra2+ 55. Ke3 b2 56. Kd3 a3 57. Kc2 Ra1 58. Rb3 Rc1+ 59. Kd3 b1=Q+
{White resigns} 0-1

[Event "Team 45 45 League T60"]
[Site "Internet Chess Club"]
[Date "2014.02.27"]
[Round "1"]
[White "smsxman"]
[Black "BrerRabbit"]
[Result "1/2-1/2"]
[WhiteElo "1446"]
[BlackElo "1515"]
[Opening "King's pawn opening"]
[ECO "B07"]
[Time "10:46:24"]
[TimeControl "2700+45"]

1. e4 d6 2. Nf3 Nf6 3. Nc3 Bg4 4. Be2 e6 5. d4 c6 6. Bg5 Nbd7 7. O-O h6 8. Bf4
Be7 9. e5 dxe5 10. dxe5 Nd5 11. Nxd5 cxd5 12. Nd4 Bxe2 13. Nxe2 Qb6 14. Rb1 O-O
15. b4 Qc7 16. Re1 Rac8 17. c3 a6 18. a4 Nxe5 19. Kh1 Bd6 20. a5 Nc4 21. Bxd6
Qxd6 22. Qb3 Nd2 23. Qc2 Nxb1 24. Rxb1 Rc4 25. g3 Rfc8 26. Rb3 Qe5 27. Kg1 Qe4
28. Qd2 Qe5 29. Nd4 Qc7 30. Ne2 Qd8 31. Qe3 Qc7 32. Qd2 Qc6 33. Nd4 Qa4 34. Qb2
Qd7 35. Ne2 Qd6 36. Kg2 Qe5 37. Kg1 Re4 38. Kf1 Rec4 39. Kg1 Re4 40. Kf1 Rec4
41. Kg1 {Game drawn by repetition} 1/2-1/2

[Event "Team 45 45 League T60"]
[Site "Internet Chess Club"]
[Date "2014.02.25"]
[Round "1"]
[White "Pomberito"]
[Black "gump12345"]
[Result "1-0"]
[WhiteElo "2162"]
[BlackElo "2069"]
[Opening "Scotch gambit"]
[ECO "C44"]
[Time "19:33:25"]
[TimeControl "2700+45"]

1. e4 e5 2. Nf3 Nc6 3. d4 exd4 4. Bc4 Bc5 5. O-O d6 6. c3 dxc3 7. Qb3 Be6 8.
Bxe6 fxe6 9. Qxb7 Na5 10. Qa6 c6 11. Nxc3 Qb6 12. Qe2 Ne7 13. e5 d5 14. Na4 Qb4
15. b3 Bb6 16. Bd2 Qb5 17. Qxb5 cxb5 18. Nxb6 axb6 19. Nd4 Kd7 20. Nxb5 Nac6 21.
f4 h5 22. Be3 Nb4 23. Rfc1 Rhc8 24. Bd2 Nc2 25. Rab1 Rxa2 26. Nc3 Na3 27. Nxa2
Nxb1 28. Rxb1 Rc2 29. Be3 Rxa2 30. Bxb6 Kc6 31. Bf2 Kb5 32. Rc1 Nf5 33. g3 d4
34. h3 Kb4 35. g4 hxg4 36. hxg4 Ne3 37. Bxe3 dxe3 38. Re1 e2 39. Kf2 Kxb3 40.
Rxe2 Ra7 41. Rd2 Kc4 42. Rd6 Re7 43. Ke3 Kc5 44. Ke4 Kc4 45. Rc6+ Kb5 46. Rc1
Ra7 47. f5 Ra4+ 48. Kf3 Ra3+ 49. Kf4 Ra4+ 50. Kg5 exf5 51. gxf5 {Black resigns}
1-0

[Event "Team 45 45 League T60"]
[Site "Internet Chess Club"]
[Date "2014.03.01"]
[Round "1"]
[White "LuxAeterna"]
[Black "perikitosax"]
[Result "1-0"]
[WhiteElo "2063"]
[BlackElo "1974"]
[Opening "Sicilian: Taimanov (Bastrikov) variation"]
[ECO "B47"]
[Time "10:08:35"]
[TimeControl "2700+45"]

1. e4 c5 2. Nf3 e6 3. d4 cxd4 4. Nxd4 Nc6 5. Nc3 Qc7 6. Be2 a6 7. O-O Nf6 8. Be3
Bb4 9. Nxc6 bxc6 10. Qd4 c5 11. Qc4 Bb7 12. a3 Bxc3 13. Qxc3 Nxe4 14. Qxg7 O-O-O
15. f3 Rhg8 16. Qxf7 Rdf8 17. Qh5 Rf5 18. Qh4 Nf6 19. Bd3 Bxf3 20. Rf2 Rg4 21.
Qh3 Bxg2 22. Rxg2 Rh5 23. Qf3 Qxh2+ 24. Kf1 Qh1+ 25. Bg1 Qh4 26. Rxg4 Nxg4 27.
Bxa6+ Kc7 28. Qb7+ Kd8 29. Qc8+ Ke7 30. Bxc5+ d6 31. Qc7+ Kf6 32. Qd8+ Kf5 33.
Qxh4 Rxh4 34. Bd3+ Kf4 35. Bxd6+ e5 36. Re1 Rh2 37. Re4+ Kf3 38. Rxg4 Kxg4 39.
Bxe5 Rd2 40. Ke1 Rg2 41. Bxh7 Kf3 42. Bd4 Re2+ 43. Kd1 Re7 44. Bd3 Rd7 45. c3
{Black resigns} 1-0

[Event "Team 45 45 League T60"]
[Site "Internet Chess Club"]
[Date "2014.03.02"]
[Round "1"]
[White "laurenpar"]
[Black "iletrado"]
[Result "1-0"]
[WhiteElo "1914"]
[BlackElo "1859"]
[Opening "English opening"]
[ECO "A05"]
[Time "07:02:46"]
[TimeControl "2700+45"]

1. Nf3 Nf6 2. c4 d5 3. g3 c6 4. Bg2 g6 5. Qa4 Bg7 6. cxd5 Nxd5 7. O-O Qb6 8. Na3
Qb4 9. Qxb4 Nxb4 10. Nc4 Be6 11. d3 h6 12. Bd2 N8a6 13. a3 Bxc4 14. dxc4 Nc2 15.
Rac1 Nd4 16. Nxd4 Bxd4 17. b4 Rd8 18. b5 cxb5 19. cxb5 Nc5 20. Bb4 b6 21. e3 Bf6
22. Bxc5 bxc5 23. Rxc5 O-O 24. Rc7 Rd3 25. Rxa7 Rb3 26. a4 Rb8 27. Bc6 Ra3 28.
a5 {Black resigns} 1-0

[Event "Team 45 45 League T60"]
[Site "Internet Chess Club"]
[Date "2014.02.28"]
[Round "1"]
[White "TerryMalloy"]
[Black "kyoroogi"]
[Result "0-1"]
[WhiteElo "1868"]
[BlackElo "2184"]
[Opening "French: Tarrasch"]
[ECO "C03"]
[Time "18:01:00"]
[TimeControl "2700+45"]

1. e4 e6 2. d4 d5 3. Nd2 Be7 4. Ngf3 Nf6 5. e5 Nfd7 6. Bd3 c5 7. c3 Nc6 8. O-O
g5 9. h3 h5 10. g3 Qb6 11. dxc5 Nxc5 12. Bc2 Qc7 13. Qe2 g4 14. hxg4 hxg4 15.
Nh2 Qxe5 16. Qxg4 Bd7 17. Ndf3 Qe2 18. Nd2 Qa6 19. b4 Nd3 20. a4 Nce5 21. Qe2
Nxc1 22. Qxa6 bxa6 23. Rfxc1 Rc8 24. f4 Ng6 25. Bxg6 fxg6 26. Ndf3 Bf6 27. Ne5
Bxe5 28. fxe5 Rh5 29. Nf3 Rf5 30. Kg2 g5 31. b5 g4 32. Nd4 Rxe5 33. bxa6 Ke7 34.
Ra2 Re3 35. Nb5 Rh8 36. Rh1 Rxh1 37. Kxh1 Bc8 38. Kg2 Bxa6 39. Nxa7 Rxc3 40. Nb5
Rc4 41. Kf2 e5 42. Ke2 Rb4 43. Kd2 Bxb5 44. axb5 Rxb5 {White resigns} 0-1

[Event "Team 45 45 League T60"]
[Site "Internet Chess Club"]
[Date "2014.03.01"]
[Round "1"]
[White "Otelo"]
[Black "SaltofLife"]
[Result "1-0"]
[WhiteElo "1844"]
[BlackElo "1870"]
[Opening "Ruy Lopez: exchange, Keres variation"]
[ECO "C68"]
[Time "15:01:31"]
[TimeControl "2700+45"]

1. e4 e5 2. Nf3 Nc6 3. Bb5 a6 4. Bxc6 dxc6 5. Nc3 f6 6. d4 exd4 7. Nxd4 c5 8.
Nde2 Qxd1+ 9. Nxd1 Bd7 10. Bf4 O-O-O 11. Ne3 Bd6 12. O-O-O Bxf4 13. Nxf4 Ne7 14.
Nfd5 Rhe8 15. f3 h5 16. Rd2 Nc6 17. Rhd1 Be6 18. a3 Ne5 19. Ne7+ {Black resigns}
1-0

[Event "Team 45 45 League T60"]
[Site "Internet Chess Club"]
[Date "2014.03.04"]
[Round "1"]
[White "fledermaus"]
[Black "alexping"]
[Result "1-0"]
[WhiteElo "1949"]
[BlackElo "1861"]
[Opening "QGD semi-Slav"]
[ECO "D43"]
[Time "11:13:09"]
[TimeControl "2700+45"]

1. d4 Nf6 2. Nf3 d5 3. c4 c6 4. Nc3 e6 5. Bg5 Bb4 6. Rc1 Nbd7 7. Qb3 Bd6 8. e3
O-O 9. Bd3 h6 10. Bh4 Qb6 11. Qc2 dxc4 12. Bxc4 Qa5 13. O-O g5 14. Bg3 Bxg3 15.
hxg3 Nb6 16. Bb3 Nbd5 17. e4 Ne7 18. e5 Nfd5 19. Ne4 Kg7 20. g4 b6 21. Nf6 Nxf6
22. exf6+ Kxf6 23. Qh7 Ng6 24. Ne5 Nxe5 25. dxe5+ Qxe5 26. Rfe1 Qf4 27. Rc4 Qc7
28. Qxh6+ Ke7 29. Qxg5+ Ke8 30. Rd4 Bd7 31. Red1 Rd8 32. Qf6 b5 33. g5 c5 34.
Rd6 c4 35. Bc2 Rg8 36. Bh7 Rf8 37. g6 {Black resigns} 1-0

[Event "Team 45 45 League T60"]
[Site "Internet Chess Club"]
[Date "2014.03.01"]
[Round "1"]
[White "bobhill"]
[Black "jonesey"]
[Result "1/2-1/2"]
[WhiteElo "1933"]
[BlackElo "1857"]
[Opening "Queen's pawn: Torre attack"]
[ECO "A46"]
[Time "10:07:57"]
[TimeControl "2700+45"]

1. d4 Nf6 2. Nf3 e6 3. Bg5 c5 4. e3 Qb6 5. Nbd2 Qxb2 6. Bxf6 gxf6 7. Bd3 cxd4 8.
exd4 Nc6 9. Rb1 Qxa2 10. O-O Be7 11. Nb3 O-O 12. Nfd2 Nb4 13. Nc4 Qa6 14. Ra1
Qc6 15. Qg4+ Kh8 16. Bxh7 Kxh7 17. Qh4+ Kg7 18. Qg4+ Kh7 19. Qh4+ Kg7 20. Qg4+
Kh7 {Game drawn by repetition} 1/2-1/2

[Event "Team 45 45 League T60"]
[Site "Internet Chess Club"]
[Date "2014.02.28"]
[Round "1"]
[White "MBAStudent"]
[Black "zugknightly"]
[Result "0-1"]
[WhiteElo "1717"]
[BlackElo "1884"]
[Opening "Sicilian: Grand Prix attack"]
[ECO "B23"]
[Time "07:06:58"]
[TimeControl "2700+45"]

1. e4 c5 2. Nc3 Nc6 3. f4 e6 4. Nf3 d5 5. Bb5 Ne7 6. exd5 exd5 7. Qe2 g6 8. Qe5
Rg8 9. O-O Bg7 10. Bxc6+ bxc6 11. Qe2 f6 12. d3 Bg4 13. Bd2 Bxf3 14. Rxf3 Kf7
15. Re1 Re8 16. Qe6+ Kf8 17. Nd1 Nf5 18. Qxc6 Rxe1+ 19. Bxe1 Rc8 20. Qb5 Nd4 21.
Qa6 Nxf3+ 22. gxf3 Qc7 23. Ne3 d4 24. Nc4 Re8 25. Bd2 Qe7 26. Qc6 Kg8 27. a4 Qe2
28. Qd5+ Kh8 29. f5 Qd1+ 30. Kg2 Re2+ 31. Kg3 Qg1+ 32. Kf4 g5# {White
checkmated} 0-1

[Event "Team 45 45 League T60"]
[Site "Internet Chess Club"]
[Date "2014.03.01"]
[Round "1"]
[White "John3v16"]
[Black "Signalman"]
[Result "0-1"]
[WhiteElo "1612"]
[BlackElo "1686"]
[Opening "English opening"]
[ECO "A13"]
[Time "03:37:22"]
[TimeControl "2700+45"]

1. c4 e6 2. g3 Nf6 3. Bg2 d5 4. Nf3 Bd6 5. d3 O-O 6. Nc3 Nc6 7. O-O a6 8. Bg5
Be7 9. e4 d4 10. e5 dxc3 11. exf6 Bxf6 12. Bxf6 Qxf6 13. b3 b5 14. Nd2 Bb7 15.
Ne4 Qd4 16. Qe2 b4 17. Rad1 Rad8 18. Rfe1 h6 19. Qe3 Qxe3 20. fxe3 Ne5 21. d4
Bxe4 22. Bxe4 f5 23. Bb7 Ng4 24. c5 a5 25. Ba6 g5 26. Bc4 Kf7 27. h3 Nf6 28. Rf1
Ke7 29. Kg2 c6 30. Rde1 Ne4 31. Rh1 Rg8 32. Re2 h5 33. Ree1 h4 34. g4 fxg4 35.
hxg4 Rgf8 36. Ra1 Rf2+ 37. Kg1 Rdf8 38. Bd3 Ng3 39. Rh2 Rxh2 40. Kxh2 Rf3 41. a3
Rxe3 42. Bc4 bxa3 43. Rxa3 c2 44. Ra1 Rc3 45. Rc1 Ne4 46. Kg2 Nd2 47. Kf2 h3 48.
Ke2 Nxc4 49. bxc4 h2 50. Kd2 Rxc4 {White resigns} 0-1

[Event "Team 45 45 League T60"]
[Site "Internet Chess Club"]
[Date "2014.03.02"]
[Round "1"]
[White "werty"]
[Black "semperfi"]
[Result "1/2-1/2"]
[WhiteElo "1533"]
[BlackElo "1386"]
[Opening "Queen's pawn: London system"]
[ECO "A45"]
[Time "07:00:44"]
[TimeControl "2700+45"]

1. d4 Nf6 2. Bf4 e6 3. e3 d5 4. Nf3 c5 5. c3 Nc6 6. Bd3 cxd4 7. cxd4 Bd7 8. h3
Bb4+ 9. Nc3 Qa5 10. Qc2 Ne4 11. Bxe4 dxe4 12. Nd2 Bxc3 13. Qxc3 Qxc3 14. bxc3 f5
15. O-O O-O 16. Rfb1 {Game drawn by mutual agreement} 1/2-1/2

[Event "Team 45 45 League T60"]
[Site "Internet Chess Club"]
[Date "2014.03.01"]
[Round "1"]
[White "frank001"]
[Black "backrankbrawler"]
[Result "1-0"]
[WhiteElo "1795"]
[BlackElo "1754"]
[Opening "Scotch game"]
[ECO "C45"]
[Time "04:00:33"]
[TimeControl "2700+45"]

1. e4 e5 2. Nf3 Nc6 3. d4 exd4 4. Nxd4 Bc5 5. Nxc6 Qf6 6. Qf3 dxc6 7. Bc4 Be6 8.
Bxe6 Qxe6 9. Be3 Bb4+ 10. c3 Bd6 11. Nd2 Nf6 12. O-O h5 13. h3 Qe5 14. g3 Qe6
15. Kg2 Nd7 16. Nb3 Ne5 17. Qe2 Qg6 18. Bd4 O-O 19. f4 Nd7 20. e5 Be7 21. f5 Qh7
22. Rae1 Bg5 23. h4 Bh6 24. Qxh5 g6 25. fxg6 Qxg6 26. Qxg6+ fxg6 27. e6 Nb6 28.
Nc5 Nd5 29. Nxb7 Rab8 30. Nc5 Rxb2+ 31. Kh3 Rxa2 32. c4 Ne7 33. Nd7 Rd8 34. Bf6
Re8 35. Rf3 Bg7 36. Bxg7 Kxg7 37. Rf7+ Kg8 38. Nf6+ Kh8 39. Nxe8 Nf5 40. Nf6 Ra3
41. Rh7# {Black checkmated} 1-0

[Event "Team 45 45 League T60"]
[Site "Internet Chess Club"]
[Date "2014.03.03"]
[Round "1"]
[White "amicusUK"]
[Black "OneDirection"]
[Result "0-1"]
[WhiteElo "1638"]
[BlackElo "1531"]
[Opening "QGD Slav: 4.e3 Bf5"]
[ECO "D12"]
[Time "17:03:44"]
[TimeControl "2700+45"]

1. d4 d5 2. Nf3 Nf6 3. e3 Bf5 4. c4 c6 5. cxd5 cxd5 6. Qb3 b6 7. Nc3 e6 8. Bd2
a6 9. Rc1 Nbd7 10. Be2 Bd6 11. Nh4 Be4 12. Nxe4 Nxe4 13. Nf3 O-O 14. O-O Qb8 15.
h3 Rc8 16. Rxc8+ Qxc8 17. Rc1 Qb7 18. Qc2 b5 19. Be1 Nb6 20. Nd2 Rc8 21. Qb1 f5
22. Nxe4 dxe4 23. Rc2 Rxc2 24. Qxc2 Qc8 25. Qxc8+ Nxc8 26. f3 exf3 27. Bxf3 Nb6
28. Bb7 a5 29. b3 b4 30. Bh4 Bc7 31. Kf2 Kf7 32. Kf3 Nd5 33. Bxd5 exd5 34. Bg3
Bxg3 35. Kxg3 g5 36. h4 h6 37. hxg5 hxg5 38. Kf3 Kg6 39. Kg3 Kh5 40. Kh3 f4 41.
exf4 gxf4 42. g3 f3 43. g4+ Kg5 44. Kg3 f2 45. Kxf2 Kxg4 46. Ke3 Kg3 47. Kd2 Kf4
48. Kc2 Ke4 49. Kb2 Kxd4 50. a4 Kd3 {White resigns} 0-1

[Event "Team 45 45 League T60"]
[Site "Internet Chess Club"]
[Date "2014.03.01"]
[Round "1"]
[White "dabodhi"]
[Black "losscause"]
[Result "0-1"]
[WhiteElo "1389"]
[BlackElo "1613"]
[Opening "Caro-Kann: two knights variation"]
[ECO "B11"]
[Time "20:31:53"]
[TimeControl "2700+45"]

1. e4 c6 2. Nc3 d5 3. Nf3 dxe4 4. Nxe4 Nd7 5. Bc4 e6 6. d4 Ngf6 7. Nxf6+ Nxf6 8.
O-O Qc7 9. Bg5 Be7 10. Qe2 h6 11. Bh4 Bd7 12. Ne5 Qb6 13. Nxd7 Kxd7 14. c3 Nd5
15. Bg3 Rag8 16. Rab1 Bd6 17. Bxd6 Kxd6 18. Bxd5 cxd5 19. Qe5+ Kd7 20. b4 f6 21.
Qe3 Re8 22. Rfe1 Re7 23. Qg3 Rc8 24. Re3 Qa6 25. Ra1 Qa3 26. c4 Qb2 27. Rae1
Rxc4 28. Qb8 Qxb4 29. h4 Rxd4 30. g3 a5 31. Rf1 a4 32. a3 Qb6 33. Rfe1 e5 34.
Qg8 Qe6 35. Qb8 Qc6 36. f4 e4 37. Qg8 Qc8 38. Qh7 Qc6 39. Qf5+ Qe6 40. Qg6 f5
41. Qh5 Qf7 42. Qe2 Qe6 43. Rc1 Qb6 44. Rec3 Rd3+ 45. Qf2 Qxf2+ 46. Kxf2 Rxc3
47. Rxc3 Kd6 48. Ke3 g5 49. h5 gxf4+ 50. Kxf4 b5 {White forfeits on time} 0-1

[Event "Team 45 45 League T60"]
[Site "Internet Chess Club"]
[Date "2014.03.02"]
[Round "1"]
[White "JeffH"]
[Black "JOFRAN"]
[Result "1-0"]
[WhiteElo "1553"]
[BlackElo "1244"]
[Opening "Caro-Kann: Panov-Botvinnik attack"]
[ECO "B13"]
[Time "10:19:01"]
[TimeControl "2700+45"]

1. e4 c6 2. d4 d5 3. exd5 cxd5 4. c4 e6 5. c5 Nc6 6. Nc3 Nf6 7. Nf3 b6 8. b4
Nxb4 9. Qa4+ Bd7 10. Qxb4 Be7 11. Be3 O-O 12. Bb5 Qc7 13. Qa4 Rfc8 14. Ne5 Rd8
15. Bxd7 Nxd7 16. Nc6 Re8 17. Nxe7+ Rxe7 18. Nb5 Qc6 19. O-O a6 20. Nc3 Nb8 21.
Qxc6 Nxc6 22. cxb6 Rb8 23. Rab1 Reb7 24. Na4 Na5 25. Bf4 Rc8 26. Nc5 Re7 27. b7
Rd7 28. bxc8=Q+ Rd8 29. Qxd8# {Black checkmated} 1-0

[Event "Team 45 45 League T60"]
[Site "Internet Chess Club"]
[Date "2014.03.02"]
[Round "1"]
[White "Electryon"]
[Black "AdithJosh"]
[Result "1/2-1/2"]
[WhiteElo "1535"]
[BlackElo "1418"]
[Opening "Queen's pawn game"]
[ECO "D02"]
[Time "15:03:52"]
[TimeControl "2700+45"]

1. Nf3 d5 2. d4 Bf5 3. e3 Nf6 4. c4 e6 5. cxd5 Nxd5 6. Qb3 Nb6 7. Nbd2 Nc6 8.
Bb5 Bd6 9. Nc4 Nxc4 10. Bxc6+ bxc6 11. Qxc4 Qd7 12. O-O O-O 13. b3 Rab8 14. Bb2
Rfe8 15. Rac1 Be4 16. Nd2 Bd5 17. Qe2 e5 18. Nc4 exd4 19. Bxd4 c5 20. Bb2 Qb5
21. Qg4 g6 22. Qg5 Bxc4 23. Rxc4 Re6 24. Qh6 Bf8 25. Qg5 Qc6 26. Rd1 Rb4 27.
Rdc1 Rxc4 28. Rxc4 Rd6 29. Rc1 Qd7 30. h3 Qc6 31. Qe5 f6 32. Qc3 Be7 33. b4 Rd5
34. Qc4 Kg7 35. e4 Rg5 36. f3 Qb6 37. a3 cxb4+ 38. Bd4 Qd6 39. Qxb4 Qxb4 40.
axb4 Bd6 41. Bxa7 Rb5 {Game drawn by mutual agreement} 1/2-1/2

[Event "Team 45 45 League T60"]
[Site "Internet Chess Club"]
[Date "2014.03.01"]
[Round "1"]
[White "ChessMaine"]
[Black "Jet1234"]
[Result "1-0"]
[WhiteElo "1505"]
[BlackElo "1414"]
[Opening "Queen's pawn: stonewall attack"]
[ECO "A45"]
[Time "19:01:23"]
[TimeControl "2700+45"]

1. d4 Nf6 2. e3 d5 3. Bd3 Nc6 4. Nf3 e6 5. Nbd2 Bd6 6. O-O O-O 7. c3 Re8 8. e4
dxe4 9. Nxe4 Nxe4 10. Bxe4 e5 11. Bxc6 bxc6 12. dxe5 Ba6 13. Re1 Bxe5 14. Bg5
Qd6 15. Nxe5 Rxe5 16. Rxe5 Qxe5 17. Be3 h6 18. Qf3 Rd8 19. Qxc6 Bb5 20. Qf3 Qd6
21. h3 Bc6 22. Qe2 Qd5 23. Qg4 f5 24. Qg3 Rf8 25. Bd4 g5 26. f3 f4 27. Qf2 Re8
28. Qc2 Re7 29. Qg6+ Kf8 30. Qxh6+ Ke8 31. Qg6+ Kd7 32. Qd3 Bb5 33. Qc2 Re2 34.
Qh7+ Kc6 35. Qg6+ Kb7 36. a4 Ba6 37. b4 Re6 38. Qc2 Re2 39. Qd1 Bc4 40. a5 Qe6
41. a6+ Bxa6 42. b5 Bxb5 43. Rxa7+ Kb8 44. Ra1 Bc4 45. Rb1+ Kc8 46. Ba7 Bb3 47.
Qc1 Kb7 48. Bd4 Kc8 49. Kf1 Rc2 50. Qe1 Bc4+ 51. Kg1 Re2 52. Qd1 Bb3 53. Qc1 Rc2
54. Qe1 Rb2 55. Qxe6+ Bxe6 56. Rxb2 Kd7 57. Bf6 g4 58. hxg4 Bxg4 59. fxg4 Ke8
60. g5 Kf7 61. Rb7 Kg6 62. Rxc7 Kf5 63. c4 Kg6 64. c5 Kf5 65. c6 f3 66. Re7 f2+
67. Kxf2 Kg6 68. c7 Kh5 69. c8=Q Kg6 70. Rg7+ Kh5 71. Qh3# {Black checkmated}
1-0

[Event "Team 45 45 League T60"]
[Site "Internet Chess Club"]
[Date "2014.03.02"]
[Round "1"]
[White "Elton2013"]
[Black "Conjurer"]
[Result "1-0"]
[WhiteElo "1421"]
[BlackElo "1191"]
[Opening "Sicilian: Scheveningen variation"]
[ECO "B80"]
[Time "12:00:32"]
[TimeControl "2700+45"]

1. e4 c5 2. Nf3 d6 3. d4 cxd4 4. Nxd4 Nf6 5. Nc3 e6 6. Be3 a6 7. h3 Be7 8. Qd2
O-O 9. O-O-O Bd7 10. Kb1 Qc7 11. g4 Nc6 12. g5 Ne8 13. h4 e5 14. Nf5 Bxf5 15.
exf5 f6 16. Bc4+ Kh8 17. Nd5 Qd7 18. Nb6 Qd8 19. Nxa8 Qxa8 20. h5 b5 21. Bd5 Nc7
22. gxf6 Bxf6 23. h6 {Black resigns} 1-0

[Event "Team 45 45 League T60"]
[Site "Internet Chess Club"]
[Date "2014.02.27"]
[Round "1"]
[White "Mitochondria"]
[Black "rookmaster23"]
[Result "0-1"]
[WhiteElo "1490"]
[BlackElo "1577"]
[Opening "King's Indian: orthodox, Aronin-Taimanov variation (Yugoslav attack / Mar del Plata variation)"]
[ECO "E97"]
[Time "20:01:20"]
[TimeControl "2700+45"]

1. d4 Nf6 2. c4 g6 3. Nc3 Bg7 4. e4 d6 5. Nf3 O-O 6. Be2 e5 7. O-O Nc6 8. d5 Ne7
9. Be3 Ne8 10. Ne1 f5 11. f3 f4 12. Bf2 g5 13. Nd3 h5 14. c5 Rf6 15. Rc1 Rg6 16.
g4 fxg3 17. hxg3 h4 18. g4 Rh6 19. Be3 Ng6 20. Nf2 Nf4 21. Bxf4 exf4 22. Nh3
dxc5 23. Qb3 Rb6 24. Qc2 Bd4+ 25. Kg2 Nd6 26. Rfd1 Bd7 27. b3 Be3 28. Rb1 Nb5
29. Nxb5 Bxb5 30. Bxb5 Rxb5 31. d6 Rb6 32. Qc4+ Kf8 33. dxc7 Qxc7 34. Qd5 Re8
35. Qf5+ Qf7 36. Qxf7+ Kxf7 37. Nxg5+ Kf6 38. Nh3 Ke5 39. Rd5+ Kf6 40. Rf5+ Kg7
41. Nxf4 Bxf4 42. Rxf4 c4 43. Rd1 c3 44. Rc1 Rc6 45. Rf5 Rec8 46. Rd5 Ra6 47. a4
Rb6 48. Rb5 Rd6 49. Rd5 Rb6 50. Rb5 Rd6 51. Rxb7+ Kf6 52. Rb5 Rd2+ 53. Kh3 c2
54. Rd5 Rf2 55. Rd3 Kg5 56. b4 Kf4 57. b5 Rxf3+ 58. Rxf3+ Kxf3 59. Kxh4 Ke2 60.
a5 Kd2 61. Rh1 Rh8+ {White resigns} 0-1

[Event "Team 45 45 League T60"]
[Site "Internet Chess Club"]
[Date "2014.02.28"]
[Round "1"]
[White "sdcohle"]
[Black "Zyme"]
[Result "1-0"]
[WhiteElo "1441"]
[BlackElo "1399"]
[Opening "King's Indian: orthodox, Aronin-Taimanov variation (Yugoslav attack / Mar del Plata variation)"]
[ECO "E97"]
[Time "21:00:38"]
[TimeControl "2700+45"]

1. d4 Nf6 2. c4 g6 3. Nc3 Bg7 4. Nf3 O-O 5. e4 d6 6. Be2 e5 7. O-O Nc6 8. d5 Ne7
9. h3 Nh5 10. Be3 f5 11. exf5 gxf5 12. Nxe5 f4 13. Bxh5 dxe5 14. Bd2 Rf5 15. Bf3
Ng6 16. Ne4 Rf7 17. Bc3 Bf5 18. Re1 Kh8 19. Qe2 Qe7 20. Rad1 Rg8 21. a3 Bf8 22.
Nd2 Nh4 23. Bxe5+ Bg7 24. Bxg7+ Rgxg7 25. Qxe7 Rxe7 26. Rxe7 Rxe7 27. Kf1 Bd3+
28. Kg1 Rg7 29. Kh2 Nxf3+ 30. Nxf3 Be2 31. Re1 Bxc4 32. Re4 Bxd5 33. Rxf4 Kg8
34. Nh4 Bc6 35. f3 Bb5 36. Nf5 Rd7 37. Nh6+ Kg7 38. Nf5+ Kg6 39. Nd4 Bd3 40. Ne6
Rd5 41. Rd4 Rxd4 42. Nxd4 c5 43. Ne6 c4 44. Kg3 Kf6 45. Nc5 Ke5 46. Nxd3+ cxd3
47. Kf2 Kd4 48. Ke1 Ke3 49. Kd1 Kf2 50. f4 {Black resigns} 1-0

[Event "Team 45 45 League T60"]
[Site "Internet Chess Club"]
[Date "2014.02.27"]
[Round "1"]
[White "AlPearson"]
[Black "GideonL"]
[Result "1-0"]
[WhiteElo "1377"]
[BlackElo "1452"]
[Opening "QGD Slav: 5.e3 (Alekhine variation)"]
[ECO "D15"]
[Time "09:30:40"]
[TimeControl "2700+45"]

1. d4 d5 2. c4 c6 3. Nc3 dxc4 4. Nf3 Nf6 5. e3 b5 6. a4 b4 7. Na2 b3 8. Nb4 a5
9. Bxc4 axb4 10. Qxb3 e6 11. Bd2 Qd6 12. O-O Be7 13. a5 Ba6 14. Rfc1 Ng4 15. h3
Nf6 16. Ra4 Bb5 17. Bxb5 cxb5 18. Rxb4 Rxa5 19. Rxb5 Rxb5 20. Qxb5+ Nfd7 21.
Rc8+ Bd8 22. Ba5 O-O 23. Bb4 Qxb4 24. Qxb4 Be7 25. Rxf8+ Kxf8 26. Qb7 Bf6 27.
Ne1 e5 28. dxe5 Bxe5 29. Nd3 Bd6 30. b4 Ke8 31. Qc8+ Ke7 32. Nc5 Nb6 33. Qb7+
N6d7 34. Nxd7 Nxd7 35. b5 Kd8 36. Qd5 Ke7 37. Qe4+ {Black resigns} 1-0

[Event "Team 45 45 League T60"]
[Site "Internet Chess Club"]
[Date "2014.02.28"]
[Round "1"]
[White "rodeo"]
[Black "Shaggy88"]
[Result "0-1"]
[WhiteElo "1492"]
[BlackElo "1637"]
[Opening "Center game"]
[ECO "C21"]
[Time "10:00:16"]
[TimeControl "2700+45"]

1. e4 e5 2. d4 exd4 3. Nf3 Bb4+ 4. c3 dxc3 5. bxc3 Bc5 6. Bc4 d6 7. O-O Nc6 8.
Qb3 Qe7 9. Re1 Nf6 10. Bg5 O-O 11. Nbd2 h6 12. Bf4 Na5 13. Qa4 Nxc4 14. Qxc4 Be6
15. Qb5 b6 16. e5 Nd5 17. exd6 cxd6 18. Qc4 Qf6 19. Bg3 Nxc3 20. Qd3 Bf5 21. Qc4
b5 22. Qb3 b4 23. Qc4 Rfe8 24. Nb3 Be6 25. Qa6 Bb6 26. Qd3 Bd5 27. Nbd4 Bxd4 28.
Nxd4 Rac8 29. Nf5 Rxe1+ 30. Rxe1 Bc4 31. Qf3 Be6 32. Bxd6 Bxf5 33. Qb7 Ne2+ 34.
Kf1 Qxd6 {White resigns} 0-1

[Event "Team 45 45 League T60"]
[Site "Internet Chess Club"]
[Date "2014.03.03"]
[Round "1"]
[White "stanbeers"]
[Black "JeffH"]
[Result "0-1"]
[WhiteElo "1501"]
[BlackElo "1567"]
[Opening "King's Indian: fianchetto, Panno variation"]
[ECO "E63"]
[Time "20:01:07"]
[TimeControl "2700+45"]

1. c4 Nf6 2. g3 g6 3. Bg2 Bg7 4. Nf3 d6 5. O-O O-O 6. d4 Nc6 7. Nc3 a6 8. Bf4
Nh5 9. Qd2 Nxf4 10. Qxf4 Nxd4 11. Nxd4 e5 12. Qd2 exd4 13. Nd5 c6 14. Nf4 Bf5
15. Rac1 Re8 16. e3 dxe3 17. fxe3 Rb8 18. Kh1 Qf6 19. b3 Qb2 20. Qxd6 Qxa2 21.
e4 Rbd8 22. Qb4 Bxe4 23. Bxe4 Rxe4 24. Qxb7 Rd2 25. Qxc6 Rxh2+ 26. Kg1 Bd4+ 27.
Rf2 Qxf2# {White checkmated} 0-1

[Event "Team 45 45 League T60"]
[Site "Internet Chess Club"]
[Date "2014.03.01"]
[Round "1"]
[White "Chess4Him"]
[Black "oldprez"]
[Result "1-0"]
[WhiteElo "1470"]
[BlackElo "1472"]
[Opening "King's Indian: London system"]
[ECO "A48"]
[Time "19:01:06"]
[TimeControl "2700+45"]

1. d4 Nf6 2. Nf3 g6 3. Bf4 Bg7 4. e3 O-O 5. Be2 d6 6. O-O Nbd7 7. h3 c5 8. c3
cxd4 9. cxd4 Nd5 10. Bg3 N7f6 11. Nc3 Nb6 12. Rc1 a6 13. Re1 Bd7 14. e4 e6 15.
Bxd6 Ba4 16. Nxa4 Nxe4 17. Bc7 Bxd4 18. Bxd8 Bxf2+ 19. Kf1 Raxd8 20. Qc2 f5 21.
Nxb6 Bxb6 22. g4 Ng3+ 23. Kg2 f4 24. Ng5 Rd6 25. Bc4 Be3 26. Rxe3 Rfd8 27. Bxe6+
Kg7 28. Qc3+ Kf8 29. Nxh7+ Ke8 30. Qh8+ Ke7 31. Qf6+ {Black resigns} 1-0